 Dungeon Crawl Stone Soup version 0.30-a0-222-ge547ba4400 (webtiles) character file.

Game seed: 11999892312367071786

9 Aibolit the Trooper (level 2, 27/27 HPs)
             Began as a Hill Orc Fighter on Oct 8, 2022.
             Was a Follower of Uskayaw.
             Quit the game on level 1 of the Dungeon.
             The game lasted 00:00:57 (289 turns).

Aibolit the Trooper (Hill Orc Fighter)               Turns: 289, Time: 00:00:57

Health: 27/27      AC:  9    Str: 18    XL:     2   Next: 16%
Magic:  2/2        EV:  6    Int:  8    God:    Uskayaw [*.....]
Gold:   45         SH:  4    Dex: 10    Spells: 1/1 levels left

rFire   . . .      SeeInvis .    a - +0 war axe
rCold   . . .      Faith    .    c - +0 buckler
rNeg    . . .      Spirit   .    h - +0 chain mail
rPois   .          Reflect  .    (no helmet)
rElec   .          Harm     .    (no cloak)
rCorr   .          Rampage  .    (no gloves)
Will    .....                    (no boots)
Stlth   ..........               (no amulet)
HPRegen 0.24/turn                (no ring)
MPRegen 0.08/turn                (no ring)

@: no status effects
A: no striking features
a: Renounce Religion, Stomp


You were on level 1 of the Dungeon.
You worshipped Uskayaw.
Uskayaw was noncommittal.
You visited 1 branch of the dungeon, and saw 1 of its levels.

You collected 45 gold pieces.

Inventory:

Hand Weapons
 a - a +0 war axe (weapon)
Armour
 c - a +0 buckler (worn)
 h - a +0 chain mail (worn)
Scrolls
 e - a scroll of magic mapping {unknown}
 g - a scroll of identify {unknown}
Potions
 d - a potion of might
 f - a potion of attraction {unknown}


   Skills:
 + Level 3.8 Fighting
 + Level 3.0 Axes
 + Level 3.5 Armour
 + Level 3.4 Shields


You had one spell level left.
You didn't know any spells.
Your spell library was empty.

Dungeon Overview and Level Annotations

Branches:
Dungeon (1/15)

Altars:
Uskayaw


Message History

You drop a +0 scale mail.
You see here a rat corpse.
Found 5 javelins.
You open the huge gate.
Found a faded altar of an unknown god.
There is a huge open gate here.
There is a huge open gate here.
There is a huge open gate here.
You see here 5 javelins.
A bat comes into view.
The bat hits you but does no damage.
A bat is nearby!
The bat hits you but does no damage. The bat completely misses you.
You barely miss the bat. The bat hits you but does no damage.
You barely miss the bat. The bat hits you but does no damage.
The bat barely misses you.
You miss the bat. The bat hits you but does no damage.
You block the bat's attack.
You slash the bat!
You kill the bat!
Your Axes skill increases to level 3!
No target in view!
You see here 5 javelins.
There is a huge open gate here.
There is a huge open gate here.
There is a faded altar of an unknown god here.
This altar belongs to (a) Uskayaw, (b) Elyvilon or (c) Okawaru, but you can't tell which.
Press the corresponding letter to learn more about a god, or press enter to convert or escape to cancel.
Uskayaw accepts your prayer! Uskayaw welcomes you!
You can now stomp with the beat.
There is a huge open gate here.
There is a huge open gate here.
There is a huge open gate here.
There is a hide-covered altar of Uskayaw here.
There are no items here.
Unknown command.
Press < or > to pray at altars.
Unknown command.
Press < or > to pray at altars.
Are you sure you want to abandon this character and quit the game? (Confirm with "yes".)

...# ..........# ...#
........#.########## ...#
........#..#........ ####
##########..........
#########(.......
#########................
[......†..##.#'''''......
############..'''''......
##.''@''......
#.'''''..#### #.'''''###
#......# ########


There were no monsters in sight!

Vanquished Creatures
  2 giant cockroaches (D:1)
  3 quokkas (D:1)
  A bat (D:1)
  3 rats (D:1)
9 creatures vanquished.

Notes
Turn   | Place    | Note
-------+----------+-------------------------------------------
     0 | D:1      | Aibolit the Hill Orc Fighter began the quest for the Orb.
     0 | D:1      | Reached XP level 1. HP: 19/19 MP: 1/1
   135 | D:1      | Reached XP level 2. HP: 26/27 MP: 2/2
   255 | D:1      | Found a faded altar of an unknown god.
   284 | D:1      | Prayed at the altar of an unknown god.
   284 | D:1      | Became a worshipper of Uskayaw the Reveller
   284 | D:1      | Reached * piety under Uskayaw
   289 | D:1      | Quit the game

Illustrated notes

Levels and vault maps discovered:
D:1:      shiori_arrival_elements, layout_rooms,
          hellmonk_ecumenical_altar_heavens_door, minmay_heptomino_l4

Skill      XL: |  1  2 |
---------------+-------+-----
Axes           | 3 |  3.0
Fighting       | |  3.8
Armour         | |  3.5
Shields        | |  3.4

Action                   || total
-------------------------++-------
Melee: War axe           ||    26
Armor: Scale mail        ||     9
       Chain mail        ||     5
Dodge: Dodged            ||    10
Block: Buckler           ||     5

Table legend: (Time is in decaauts)
 A = Elapsed time spent in this place.
 B = Non-inter-level travel time spent in this place.
 C = Inter-level travel time spent in this place.
 D = Time resting spent in this place.
 E = Time spent auto-exploring this place.
 F = Levels seen in this place.
 G = Mean time per level.
                   A        B        C        D        E       F      G
               +--------+--------+--------+--------+--------+-----+--------+
         Total |    300 |    280 |     20 |      0 |    189 |   1 |  300.0 |
       Dungeon |    300 |    280 |     20 |      0 |    189 |   1 |  300.0 |
               +--------+--------+--------+--------+--------+-----+--------+

Top non-repeatable levels by time:
     D:1: 300 daAuts
